 Dungeon Crawl Stone Soup version 0.27.0-1-g7a089689b8 (webtiles) character file.

Game seed: 9745005117546506135

11508 sanka the Nimble (level 11, 0/81 HPs)
             Began as a Vampire Hedge Wizard on Aug 12, 2021.
             Was an Elder of Sif Muna.
             Slain by a six-headed hydra (6 damage)
             ... on level 11 of the Dungeon.
             The game lasted 00:36:56 (15553 turns).

sanka the Nimble (Vampire Hedge Wizard)            Turns: 15553, Time: 00:36:56

Health: 0/81       AC: 11    Str:  9    XL:     11   Next: 50%
Magic:  14/17      EV: 25    Int: 18    God:    Sif Muna [****..]
Gold:   671        SH:  0    Dex: 22    Spells: 12/18 levels left

rFire    . . .     SeeInvis +   a - +2 dagger (elec)
rCold    . . .     Faith    .   (no shield)
rNeg     . . .     Spirit   .   F - +0 steam dragon scales
rPois    .         Reflect  .   C - +0 helmet "Vemun" {Will+}
rElec    .         Harm     .   o - +0 cloak
rCorr    .         Rampage  .   w - +2 pair of gloves
Will     ++...                  m - +0 pair of boots
Stlth    +++.......             (no amulet)
HPRegen  0.43/turn              f - +6 ring of dexterity
MPRegen  0.15/turn              H - +4 ring of evasion

@: healing quickly
A: alive, fangs 3, see invisible, vampiric 2
a: Exsanguinate, Renounce Religion, Channel Magic, Forget Spell, Divine Exegesis


You were on level 11 of the Dungeon.
You worshipped Sif Muna.
Sif Muna was greatly pleased with you.
You visited 1 branch of the dungeon, and saw 11 of its levels.

You collected 671 gold pieces.


Innate Abilities, Weirdness & Mutations

Your natural rate of healing is accelerated.
You have razor-sharp teeth.
You have supernaturally acute eyesight. (SInv)
You are afflicted with vampirism and can become a bat while bloodless.


   Skills:
 - Level 6.0 Fighting
 - Level 12.0 Dodging
 - Level 3.0 Stealth
 + Level 9.3 Unarmed Combat
 - Level 4.0 Spellcasting
 - Level 1.0 Conjurations
 - Level 3.0 Summonings
 - Level 0.7 Translocations
 - Level 10.0 Transmutations


You had 12 spell levels left.
You knew the following spells:

 Your Spells              Type           Power      Damage    Failure   Level
c - Spider Form           Tmut/Pois      10%        N/A       5%          3
x - Call Imp              Summ           14%        N/A       6%          2
z - Magic Dart            Conj           28%        1d4       10%         1

Your spell library contained the following spells:

 Spells                   Type           Power      Damage    Failure   Level
 Sting                    Tmut/Pois      84%        1d7       1%          1
 Summon Small Mammal      Summ           56%        N/A       4%          1
 Apportation              Tloc           12%        N/A       11%         1
 Call Canine Familiar     Summ           14%        N/A       13%         3
 Animate Skeleton         Necr           6%         N/A       14%         1
 Pain                     Necr           12%        1d4       14%         1
 Blink                    Tloc           N/A        N/A       17%         2
 Ice Form                 Ice/Tmut       21%        N/A       19%         4
 Petrify                  Tmut/Erth      21%        N/A       19%         4
 Ensorcelled Hibernation  Hex/Ice        6%         N/A       22%         2
 Poisonous Vapours        Pois/Air       6%         N/A       22%         2
 Slow                     Hex            3%         N/A       22%         2
 Summon Guardian Golem    Hex/Summ       9%         N/A       24%         3
 Gell's Gravitas          Tloc           3%         N/A       32%         3
 Lesser Beckoning         Tloc           3%         N/A       32%         3
 Teleport Other           Tloc           6%         N/A       32%         3
 Conjure Flame            Conj/Fire      5%         6-21      34%         3
 Mephitic Cloud           Conj/Pois/Air  4%         N/A       36%         3
 Irradiate                Conj/Tmut      11%        3d17      38%         5
 Vampiric Draining        Necr           1%         2d6       41%         3
 Alistair's Intoxication  Tmut/Pois      14%        N/A       45%         5
 Hailstorm                Conj/Ice       5%         3d4       75%         4
 Olgreb's Toxic Radiance  Pois           3%         N/A       82%         4
 Freezing Cloud           Conj/Ice/Air   2%         6-21      98%         5
 Dispersal                Tloc           3%         N/A       100%        6
 Invisibility             Hex            1%         N/A       100%        6
 Shadow Creatures         Summ           N/A        N/A       100%        6
 Simulacrum               Ice/Necr       1%         N/A       100%        6
 Polar Vortex             Ice            1%         N/A       100%        9
 Sublimation of Blood     Necr           Unusable   N/A       N/A         2

Inventory:

Hand Weapons
 a - a +2 dagger of electrocution (weapon)
 b - a +2 dagger of venom
 D - the +2 dagger "Oseomuc" {flame, rElec}

   It burns those it strikes, dealing additional fire damage.
   rElec:     It insulates you from electricity.
Missiles
 n - 52 poisoned darts
 t - 3 throwing nets {=f}
Armour
 m - a +0 pair of boots (worn)
 o - a +0 cloak (worn)
 p - a +2 helmet
 w - a +2 pair of gloves (worn)
 C - the +0 helmet "Vemun" (worn) {Will+}

   Will:      It increases your willpower.
 F - +0 steam dragon scales (worn)
Jewellery
 f - a +6 ring of dexterity (left hand)
 l - a +6 ring of intelligence
 H - a +4 ring of evasion (right hand)
 M - a ring of protection from cold
 O - a +6 ring of intelligence
Wands
 y - a wand of paralysis (4)
 B - a wand of polymorph (6)
 E - a wand of acid (5)
 G - a wand of iceblast (8)
 J - a wand of digging (3)
Scrolls
 g - a scroll of enchant weapon
 i - 4 scrolls of immolation {!r}
 j - 2 scrolls of blinking
 k - a scroll of magic mapping
 s - a scroll of fog
 v - 4 scrolls of teleportation {@r4}
 x - 2 scrolls of vulnerability {!r}
 I - a scroll of amnesia {unknown}
 L - a scroll of enchant armour
Potions
 c - a potion of invisibility {unknown}
 d - 4 potions of attraction {!q}
 e - 6 potions of curing {@q1}
 h - 6 potions of flight {unknown}
 q - 2 potions of might {unknown}
 r - 2 potions of heal wounds {unknown}
 u - 4 potions of lignification
 z - a potion of haste {unknown}
 A - a potion of degeneration {unknown}
 K - 2 potions of berserk rage {unknown}
 N - a potion of mutation {unknown}

Dungeon Overview and Level Annotations

Branches:
Dungeon (11/15)            Temple (0/1) D:7            Lair (0/6) D:9
    Orc: D:9-12

Altars:
Ashenzari
Qazlal
Sif Muna

Shops:
D:6 *:(=   D:7 (

Annotations:
D:9 3 runed translucent doors, Lochraine's ghost, journeyman TeAE
D:11 2 transporters, Rirodgh's ghost, journeyman DDFi

.▒▒.▒ .... [.. ..▒
.▒▒.▒ ▒'▒.▒ .. ..▒
.▒▒.▒ c▒▒▒ OH ▒..▒
.▒▒.▒ YK K▒...▒
.▒▒.▒.▒ £▒ 5....▒
.▒▒.▒..▒▒▒▒ ▒5...▒
....▒▒....▒ ▒.Z..▒▒▒▒
....▒ ▒...+ ▒D5......
....▒ ▒...▒▒
▒▒V....... .▒▒.▒
▒....▒▒▒▒.....▒▒▒▒
.▒▒.▒ ▒.......5.▒...▒
.▒▒.▒▒▒.......▒.....▒
.▒▒...........▒▒▒...▒
.▒▒..▒..▒▒▒▒........▒
.▒▒..▒..▒ ▒..▒▒▒...▒
.▒▒..▒..▒ ▒..▒ ...▒
.▒▒..▒..▒ ▒..▒ ...▒


You could see a six-headed hydra (corroded, ally target), a manticore, a kobold
demonologist, an iron imp (summoned), a crimson imp (summoned), an orc zombie
and 2 friendly crimson imps.


Message History

A kobold demonologist opens the door.
Found a glowing pink potion and a leather armour.
A yak comes into view.
The kobold demonologist shouts!
You hit the six-headed hydra.
The six-headed hydra is almost dead.
The yak bellows!
You hear two shouts!
You hear a shout!
You hear a bellow!
The six-headed hydra completely misses you.
The six-headed hydra bites you!
* * * LOW HITPOINT WARNING * * *
The six-headed hydra bites you!
* * * LOW HITPOINT WARNING * * *
The six-headed hydra completely misses you.
The six-headed hydra completely misses you.
The six-headed hydra bites you!
* * * LOW HITPOINT WARNING * * *
A manticore comes into view.
A two-headed ogre comes into view.
It is wielding a +0 giant spiked club and a +0 giant club.
The orc zombie barely misses you.
The yak moves out of view.
The kobold demonologist mumbles some strange words.
The six-headed hydra bites you!
* * * LOW HITPOINT WARNING * * *
The six-headed hydra bites you but does no damage.
The six-headed hydra misses you. The six-headed hydra bites you.
You die...

Action                   |  1- 3 |  4- 6 |  7- 9 | 10-12 || total
-------------------------+-------+-------+-------+-------++-------
Melee: Dagger            |    57 |    16 |   320 |   409 ||   802
       Bite              |     4 |     9 |    34 |    69 ||   116
       Whip              |       |    97 |    82 |       ||   179
       Punch             |       |       |       |    18 ||    18
       Unarmed           |       |       |       |    29 ||    29
 Cast: Magic Dart        |   109 |    45 |     6 |       ||   160
       Call Imp          |       |    24 |    39 |    56 ||   119
       Spider Form       |       |       |       |     4 ||     4
Evoke: Wand              |       |       |       |     2 ||     2
  Use: Potion            |     1 |       |       |       ||     1
       Scroll            |       |       |    15 |     2 ||    17
 Stab: Sleeping          |     1 |     2 |     2 |     1 ||     6
       Distracted        |       |     2 |     2 |     4 ||     8
Armor: Robe              |    16 |    34 |    49 |    34 ||   133
       Steam dragon scal |       |       |       |    79 ||    79
       Skin              |       |       |       |     2 ||     2
Dodge: Dodged            |    52 |   112 |   380 |   547 ||  1091

Levels and vault maps discovered:
D:1:      lightli_molten_gateway, layout_loops_ring, corexii_hall_statues_s
D:2:      layout_loops_cross, hellmonk_ecumenical_altar_crossroads, basic_altar,
          uniq_robin
D:3:      layout_loops_corners
D:4:      layout_rooms, chequers_serial_rivers_micro_d, serial_park_tiny_1,
          minmay_rat_hole, uniq_natasha, uniq_purgy
D:5:      layout_basic, minmay_misc_feat_diagonals
D:6:      layout_rooms, serial_glass, glass_columns_b, glass_columns_a,
          glass_columns_c, glass_columns_b, glass_columns_a,
          due_unseen_surprise, feat_on_display, item_on_display_a,
          feat_on_display, serial_shops, kennysheep_mini, nicolae_shop_crystal,
          nicolae_shop_waterfront, shop, hangedman_abyss_or_decor_stagger,
          grunt_ministairs_7, minmay_microvault
D:7:      minmay_spotlight, layout_gridville, minmay_temple_entry_stoned_glass,
          nicolae_stop_n_shop_2, lightli_corner_chamber
D:8:      layout_loops_corners, uniq_prince_ribbit1
D:9:      layout_layer_cave, dpeg_oklobed_lair, gammafunk_ghost_spectres,
          grunt_ogre_cave, uniq_erolcha
D:10:     layout_gridville, lemuel_doored_altar, uniq_josephine
D:11:     layout_long_grid, zombieorc2_lemuel, gammafunk_ghost_hive,
          minmay_joined_circles, uniq_grum

Notes
Turn   | Place    | Note
-------+----------+-------------------------------------------
     0 | D:1      | sanka the Vampire Hedge Wizard began the quest for the Orb.
     0 | D:1      | Reached XP level 1. HP: 13/13 MP: 4/4
   122 | D:1      | Reached skill level 1 in Conjurations
   225 | D:1      | Reached XP level 2. HP: 13/19 MP: 0/6
   385 | D:1      | Reached skill level 2 in Summonings
   950 | D:2      | Noticed Robin
  1224 | D:2      | Gained mutation: You are afflicted with vampirism and can
                  | become a bat while bloodless. [Vampire growth]
  1224 | D:2      | Reached XP level 3. HP: 20/24 MP: 4/7
  1333 | D:2      | HP: 2/24 [adder (1)]
  1340 | D:2      | Reached skill level 3 in Summonings
  1416 | D:2      | Found a stormy altar of Qazlal.
  1654 | D:1      | Learned a level 2 spell: Call Imp
  1693 | D:2      | Found a faded altar of an unknown god.
  1722 | D:2      | Became a worshipper of Sif Muna the Loreminder
  1722 | D:2      | Reached * piety under Sif Muna
  1923 | D:2      | Reached skill level 1 in Fighting
  2399 | D:2      | Reached XP level 4. HP: 27/32 MP: 2/8
  2583 | D:2      | Found a stormy altar of Qazlal.
  2731 | D:2      | Found a shimmering blue altar of Sif Muna.
  3059 | D:2      | Killed Robin
  3318 | D:3      | Reached skill level 3 in Dodging
  3659 | D:3      | Reached skill level 2 in Fighting
  3944 | D:3      | Reached XP level 5. HP: 16/38 MP: 1/9
  3992 | D:3      | Reached ** piety under Sif Muna
  4286 | D:3      | Reached skill level 4 in Dodging
  4699 | D:4      | Reached skill level 3 in Fighting
  4760 | D:4      | Noticed Purgy
  4793 | D:4      | Killed Purgy
  4794 | D:4      | Reached skill level 5 in Dodging
  4794 | D:4      | Reached XP level 6. HP: 16/47 MP: 4/10
  4994 | D:4      | Noticed Natasha
  5020 | D:4      | Killed Natasha
  5070 | D:4      | Noticed Natasha
  5077 | D:4      | Killed Natasha
  5078 | D:4      | Reached skill level 6 in Dodging
  5145 | D:4      | Noticed Natasha
  5158 | D:4      | Killed Natasha
  5240 | D:4      | Reached *** piety under Sif Muna
  5241 | D:4      | Reached XP level 7. HP: 39/52 MP: 11/11
  5382 | D:4      | Reached skill level 7 in Dodging
  5577 | D:5      | Entered Level 5 of the Dungeon
  5819 | D:5      | Reached skill level 8 in Dodging
  6171 | D:5      | Reached XP level 8. HP: 60/60 MP: 4/12
  6645 | D:5      | Reached skill level 4 in Fighting
  7028 | D:6      | Reached skill level 9 in Dodging
  7356 | D:6      | Found Guih's Book Shop.
  7365 | D:6      | Reached skill level 5 in Fighting
  7369 | D:6      | Found Tyxaamux's Assorted Antiques.
  7536 | D:6      | Noticed a komodo dragon
  7570 | D:6      | Killed a komodo dragon
  7650 | D:6      | Reached **** piety under Sif Muna
  7651 | D:6      | Reached skill level 10 in Dodging
  7824 | D:6      | Found Fusutulock's Antique Weapon Emporium.
  7835 | D:6      | Reached skill level 6 in Fighting
  7853 | D:6      | Reached XP level 9. HP: 67/69 MP: 13/13
  7929 | D:6      | Found Akifeh's Jewellery Shop.
  8210 | D:7      | Found Cumosohauk's Weapon Boutique.
  8216 | D:7      | Identified a scroll of acquirement
  8536 | D:6      | Reached skill level 11 in Dodging
  9042 | D:7      | Found a staircase to the Ecumenical Temple.
  9160 | D:7      | Identified the +0 helmet "Vemun" {Will+}
  9272 | D:7      | Noticed a gargoyle
  9321 | D:7      | Acquired a book of Dreams
  9327 | D:7      | Learned a level 3 spell: Spider Form
  9432 | D:8      | Reached skill level 12 in Dodging
  9440 | D:8      | Identified the +2 dagger "Oseomuc" {flame, rElec}
  9524 | D:8      | Noticed Prince Ribbit
  9556 | D:8      | Noticed a two-headed ogre
  9780 | D:8      | Reached skill level 1 in Transmutations
  9790 | D:8      | Reached skill level 3 in Transmutations
  9930 | D:8      | Reached skill level 4 in Transmutations
  9940 | D:8      | Reached skill level 5 in Transmutations
 10349 | D:8      | Reached XP level 10. HP: 76/76 MP: 14/14
 10360 | D:8      | Reached skill level 6 in Transmutations
 10452 | D:8      | Identified +0 steam dragon scales
 10561 | D:8      | Killed Prince Ribbit
 10562 | D:8      | Reached skill level 7 in Transmutations
 10963 | D:7      | HP: 4/76 [vampire mosquito (7)]
 11749 | D:9      | Noticed a two-headed ogre
 11780 | D:8      | Reached skill level 8 in Transmutations
 11780 | D:8      | Reached skill level 1 in Unarmed Combat
 11906 | D:9      | Reached skill level 2 in Unarmed Combat
 11984 | D:9      | Noticed Erolcha
 12251 | D:8      | Reached skill level 3 in Unarmed Combat
 12426 | D:9      | Found a staircase to the Lair.
 12518 | D:9      | Found a runed translucent gate.
 12519 | D:9      | Found a runed translucent gate.
 12553 | D:9      | Found a runed translucent gate.
 12554 | D:9      | Noticed Lochraine's ghost (journeyman TeAE)
 12577 | D:9      | Reached skill level 4 in Unarmed Combat
 12835 | D:8      | Killed a two-headed ogre
 12836 | D:8      | Reached skill level 5 in Unarmed Combat
 12876 | D:8      | Killed a two-headed ogre
 12877 | D:8      | Reached skill level 6 in Unarmed Combat
 13020 | D:9      | Killed Erolcha
 13021 | D:9      | Reached skill level 7 in Unarmed Combat
 13677 | D:10     | Entered Level 10 of the Dungeon
 13691 | D:10     | Noticed a two-headed ogre
 13706 | D:10     | Killed a two-headed ogre
 13707 | D:10     | Reached skill level 8 in Unarmed Combat
 13718 | D:10     | Reached XP level 11. HP: 80/81 MP: 7/15
 13799 | D:10     | Noticed a two-headed ogre
 13829 | D:10     | Killed a two-headed ogre
 14001 | D:10     | Found a broken altar of Ashenzari.
 14263 | D:10     | Noticed Josephine
 14277 | D:10     | Killed Josephine
 14278 | D:10     | Reached skill level 4 in Spellcasting
 14278 | D:10     | Reached skill level 9 in Transmutations
 14941 | D:11     | Noticed a deep elf pyromancer
 15063 | D:11     | Reached skill level 10 in Transmutations
 15199 | D:11     | Killed a deep elf pyromancer
 15200 | D:11     | Reached skill level 9 in Unarmed Combat
 15279 | D:11     | Noticed Grum
 15302 | D:11     | Killed Grum
 15426 | D:11     | Noticed Rirodgh's ghost (journeyman DDFi)
 15438 | D:11     | Found a transporter.
 15443 | D:11     | Found a transporter.
 15538 | D:11     | Noticed a six-headed hydra
 15552 | D:11     | Noticed a two-headed ogre
 15553 | D:11     | HP: 6/81 [six-headed hydra (7)]
 15553 | D:11     | Slain by a six-headed hydra

Vanquished Creatures
  Josephine (D:10)
  Erolcha (D:9)
  A two-headed ogre (D:10)
  A deep elf pyromancer (D:11)
  A gargoyle (D:11)
  2 shadows
  2 yaks (D:8)
  6 wraiths
  Grum (D:11)
  3 vampire mosquitoes (D:8)
  2 water moccasins
  A sky beast (D:7)
  An ice beast (D:7)
  2 orc warriors (D:8)
  A hornet zombie (D:6)
  An ogre (D:9)
  3 necrophages
  4 wolves
  7 centaurs
  A phantom (D:6)
  A kobold brigand (D:7)
  3 bullfrogs
  2 scorpions
  2 wyvern skeletons
  A water moccasin skeleton (D:4)
  13 killer bees
  4 wights (D:10)
  4 howler monkeys
  3 centaur zombies
  2 jellies
  2 orc priests
  5 hounds
  A gnoll shaman (D:8)
  3 iguanas
  7 orc wizards
  Natasha (twice) (D:4)
  A killer bee zombie (D:7)
  An ogre zombie (D:11)
  A hound zombie (D:5)
  A howler monkey zombie (D:5)
  A howler monkey skeleton (D:6)
  9 adders
  6 gnolls
  A shadow imp (D:7)
  2 white imps
  A worm (D:3)
  3 dart slugs
  22 orcs
  6 endoplasms
  4 giant cockroaches
  12 goblins
  5 hobgoblins
  3 jackals (D:2)
  4 quokkas
  8 ball pythons
  2 bats
  2 frilled lizards (D:1)
  8 kobolds
  A quokka skeleton (D:4)
  19 rats
220 creatures vanquished.

Vanquished Creatures (collateral kills)
  3 two-headed ogres
  A komodo dragon (D:6)
  Prince Ribbit (D:8)
  2 yaks (D:8)
  A steam dragon (D:8)
  A vampire mosquito (D:7)
  A water moccasin (D:6)
  Purgy (D:4)
  2 ogres
  A bullfrog (D:6)
  A scorpion (D:4)
  A killer bee (D:6)
  A centaur zombie (D:3)
  2 iguanas
  Natasha (D:4)
  Robin (D:2)
  5 gnolls (D:3)
  An adder (D:3)
  3 orcs
  A hobgoblin (D:2)
31 creatures vanquished.

Vanquished Creatures (others)
  A fungus (D:9)
  3 plants (D:9)
4 creatures vanquished.

Grand Total: 255 creatures vanquished
